Map: 汇龙岛 - 天梯版

Players

Gentleprobe (Cyan)

  • Race: Terran Terran
  • League: Master
  • Spawn Location: 11:00

Jieshi - Winner!

  • Race: Zerg Zerg
  • League: Master
  • Spawn Location: 5:00

Event: 2018 Hangzhou StarCraft Carnival

VOD

Have the link to the VOD?

Description

Time

  • Played on: April 29, 2018, 3:42 a.m.
  • Length: 5:49
Show
View Real Time Build Order
Export as new Build Order

Gentleprobe Terran 

Build Orders: Gas First Reaper Expand, Reaper Expand, Hellion Banshee 

Get SALT Encoding   

  12  0:00  SCV  
  13  0:13  SCV  
  14  0:17  Supply Depot  
  14  0:25  SCV  
  14  0:28  Refinery  
  15  0:38  SCV  
  16  0:44  Barracks  
  16  0:50  SCV  
  17  1:02  SCV  
  18  1:15  SCV  
  19  1:31  Reaper, Orbital Command  
  20  1:42  Command Center  
  20  1:52  Factory  
  20  1:58  SCV  
  21  2:02  Refinery  
  21  2:06  Barracks Reactor  
  21  2:10  SCV  
  21  2:15  Supply Depot  
  22  2:22  SCV  
  23  2:36  SCV  
  24  2:47  Starport  
  24  2:51  SCV, Hellion x2  
  28  2:54  Orbital Command  
  29  3:03  Barracks Tech Lab  
  29  3:12  Hellion x2  
  33  3:17  SCV  
  34  3:21  SCV  
  34  3:25  Supply Depot  
  35  3:35  Cloaking Field, Banshee  
  43  3:49  Supply Depot  
  43  3:52  SCV x2  
  43  3:55  Barracks Tech Lab  
  43  4:03  Hellion x2  
  43  4:09  Command Center  
  44  4:11  SCV  
  44  4:12  SCV  
  46  4:17  Marine  
  46  4:22  Supply Depot  
  47  4:27  Viking  
  48  4:43  SCV x2  
  40  4:47  Command Center  
  37  4:55  SCV x2  
  37  4:56  Marine, Factory Reactor  
  37  4:58  Barracks  
  39  5:05  Raven  
  41  5:12  SCV x2  
  39  5:21  Command Center  
  39  5:24  Marine  
  40  5:29  Barracks  
  40  5:35  SCV  
  40  5:36  SCV  
  42  5:43  Factory Reactor  
Show
View Real Time Build Order
Export as new Build Order

Jieshi Zerg - Winner!

Build Orders: Hatch First 

Get SALT Encoding   

  12  0:01  Drone  
  13  0:13  Overlord  
  13  0:18  Drone  
  14  0:32  Drone x2  
  16  0:36  Drone  
  17  0:54  Hatchery  
  17  0:56  Drone  
  17  0:59  Drone  
  18  1:05  Extractor  
  18  1:08  Drone  
  18  1:19  Spawning Pool  
  18  1:21  Drone  
  18  1:29  Drone  
  19  1:40  Overlord  
  19  2:06  Queen x2  
  19  2:07  Metabolic Boost  
  23  2:10  Zergling x4  
  23  2:12  Drone  
  23  2:13  Drone  
  27  2:17  Drone  
  27  2:22  Drone  
  29  2:29  Overlord  
  29  2:34  Drone  
  30  2:37  Spore Crawler  
  30  2:41  Drone  
  31  2:46  Queen  
  31  2:49  Drone  
  34  2:54  Drone  
  35  3:08  Drone  
  35  3:11  Drone  
  35  3:12  Drone x2  
  39  3:14  Overlord  
  39  3:17  Overlord  
  39  3:18  Drone x3  
  39  3:19  Overlord  
  42  3:28  Overlord  
  42  3:33  Hatchery  
  41  3:40  Zergling x6  
  44  3:44  Zergling x2  
  44  3:46  Queen  
  47  3:50  Queen  
  49  4:05  Zergling x4, Drone  
  49  4:06  Drone x3  
  49  4:09  Drone  
  57  4:10  Drone  
  57  4:12  Drone  
  57  4:14  Drone  
  59  4:18  Baneling Nest  
  59  4:19  Drone, Extractor  
  59  4:20  Extractor  
  57  4:28  Zergling x2  
  57  4:31  Spore Crawler  
  57  4:33  Spore Crawler  
  57  4:38  Drone x2  
  56  4:39  Zergling x2, Drone x2  
  56  4:44  Lair  
  56  4:45  Queen  
  60  4:47  Zergling x2  
  60  4:51  Zergling x4  
  65  4:56  Overlord  
  63  5:02  Drone  
  63  5:03  Drone x4  
  66  5:10  Drone  
  66  5:11  Overlord  
  66  5:12  Drone x3  
  68  5:18  Drone  
  69  5:26  Drone  
  69  5:28  Drone x4  
Tags
 
Add a new tag
Caveats
  • Supply blocks, unpowered buildings, or Contaminate may cause inaccurate times.
  • Supply counts are checked every 10 seconds.